 Dungeon Crawl Stone Soup version 0.23-a0-612-gcb482e9 (webtiles) character file.

10 Lavandula the Sneak (level 2, 2/17 HPs)
             Began as a Halfling Enchanter on Dec 21, 2018.
             Quit the game on level 2 of the Dungeon.
             The game lasted 00:01:17 (161 turns).

Lavandula the Sneak (Halfling Enchanter)             Turns: 161, Time: 00:01:18

Health: 2/17       AC:  2    Str:  9    XL:     2   Next: 30%
Magic:  2/4        EV: 15    Int: 13    God:
Gold:   26         SH:  4    Dex: 14    Spells: 1/4 levels left

rFire    . . .     SeeInvis .   a - +1 dagger
rCold    . . .     Gourm    .   (shield restricted)
rNeg     . . .     Faith    .   b - +0 robe
rPois    .         Spirit   .   (no helmet)
rElec    .         Reflect  +   (no cloak)
rCorr    .         Harm     .   (no gloves)
MR       .....                  (no boots)
Stlth    ++........             e - +4 amulet of reflection
HPRegen  0.05/turn              (no ring)
MPRegen  0.09/turn              (no ring)

@: no status effects
A: small, mutation resistance 1
a: no special abilities


You were on level 2 of the Dungeon.
You were not hungry.

You visited 1 branch of the dungeon, and saw 2 of its levels.

You collected 26 gold pieces.

Inventory:

Hand Weapons
 a - a +1 dagger (weapon)
Armour
 b - a +0 robe (worn)
Jewellery
 e - a +4 amulet of reflection (around neck)
Scrolls
 c - 2 scrolls of immolation {unknown}
Comestibles
 d - 2 rations


   Skills:
 + Level 2.7 Short Blades
 - Level 2.1 Dodging
 - Level 3.2 Stealth
 - Level 1.5 Spellcasting
 - Level 2.4 Hexes


You had one spell level left.
You knew the following spells:

 Your Spells              Type           Power        Failure   Level  Hunger
a - Corona                Hex            #......      10%         1    ##.....
b - Ensorcelled Hibernat  Hex/Ice        #.....       24%         2    ###....

Your spell library contained the following spells:

 Spells                   Type           Power        Failure   Level  Hunger
 Confuse                  Hex            #.......     30%         3    ####...
 Tukima's Dance           Hex            #.......     30%         3    ####...
 Dazzling Spray           Conj/Hex       #.....       43%         3    ####...


Dungeon Overview and Level Annotations

Branches:
Dungeon (2/15)

Altars:


Innate Abilities, Weirdness & Mutations

You are small and have problems with some larger weapons.
You are somewhat resistant to further mutation.


Message History

Confirm with . or Enter, or press ? or * to list all spells.
Aiming: Ensorcelled Hibernation (safe; 24% risk of failure)
Press: ? - help, Shift-Dir - straight line, f - adder
Aim: an adder (chance to defeat MR: 45%)
The adder looks drowsy...
The goblin closely misses you. The goblin barely misses you.
The adder hisses angrily.
You closely miss the adder.
You hear a shout!
The adder barely misses you. The goblin barely misses you.
You hear a shout! x3
You aren't carrying any potions.
Unknown command.
You closely miss the adder. The adder bites you.
* * * LOW HITPOINT WARNING * * *
The adder barely misses you.
You hit the adder.
The adder is lightly wounded.
The goblin misses you. The adder barely misses you.
Are you sure you want to abandon this character and quit the game? (Confirm

#...# <#.#
...# #..###
#.... ##...
#..S####..#
#..@g......
#..<####...
#####


You could see an adder and a goblin.

Vanquished Creatures
  A ball python (D:1)
  2 goblins (D:1)
  2 hobgoblins (D:1)
  A jackal (D:1)
  A frilled lizard (D:1)
  A kobold (D:1)
  A rat (D:1)
9 creatures vanquished.

Notes
Turn   | Place    | Note
-------+----------+-------------------------------------------
     0 | D:1      | Lavandula the Halfling Enchanter began the quest for the
                  | Orb.
     0 | D:1      | Reached XP level 1. HP: 11/11 MP: 3/3
    74 | D:1      | Reached XP level 2. HP: 15/17 MP: 4/4
    87 | D:1      | Learned a level 2 spell: Ensorcelled Hibernation
   161 | D:2      | Quit the game

Vault maps used:
D:1:      shiori_arrival_oz, minmay_misc_feat_roman, minmay_vboxes

Skill      XL: |  1 |
---------------+----+-----
Short Blades   | 2 |  2.7
Dodging        | |  2.1
Stealth        | |  3.2
Spellcasting   | |  1.5
Hexes          | |  2.4

Action                   || total
-------------------------++-------
Melee: Dagger            ||    45
 Cast: Corona            ||     6
       Ensorcelled Hiber ||     1
Armor: Robe              ||     3
Dodge: Dodged            ||    41
Block: Other             ||     2

Table legend:
 A = Non-vault XP
 B = Vault XP
 C = Vault XP percentage of total XP
 D = Non-vault monster count
 E = Vault monster count
 F = Vault count percentage of total count
                 A         B        C        D         E       F
            +---------+---------+-------+---------+---------+-------
      Total |      15 |       0 |   0.0 |       9 |       0 |   0.0
            +---------+---------+-------+---------+---------+-------
        D:1 |      15 |       0 |   0.0 |       9 |       0 |   0.0
            +---------+---------+-------+---------+---------+-------
